[Event "Titled Tuesday Blitz March 01 Early 2022"]
[White "Kanyamarala, Trisha"]
[Black "Yang, Kaiqi"]
[WhiteFideId "45004722"]
[BlackFideId "8604398"]
[WhiteElo "2002"]
[BlackElo "2373"]
[Result "0-1"]
[Round "06"]
[TimeControl "180+1"]
[Date "2022.03.01"]
[WhiteClock "0:00:15"]
[BlackClock "0:00:44"]

1. d4 Nf6 2. c4 g6 3. Nc3 Bg7 4. e4 O-O 5. Nf3 d6 6. Be2 Na6 7. h3 e5 8. d5 Nc5 9. Qc2 a5 10. Bg5 h6 11. Be3 Nh5 12. g3 f5 13. Nh4 f4 14. Bxc5 fxg3 15. Nxg6 dxc5 16. Bxh5 Rxf2 17. Ne2 Qg5 18. Rg1 Bxh3 19. Rxg3 Rf1# 0-1


[Site "https://www.chess.com"]

[Event "Titled Tuesday Blitz March 01 Early 2022"]
[White "Kaplan, Ebru"]
[Black "Goryachkina, Aleksandra"]
[WhiteFideId "6315194"]
[BlackFideId "4147103"]
[WhiteElo "1941"]
[BlackElo "2426"]
[Result "0-1"]
[Round "06"]
[TimeControl "180+1"]
[Date "2022.03.01"]
[WhiteClock "0:00:11"]
[BlackClock "0:00:08"]

1. e4 c5 2. Nf3 e6 3. b3 d5 4. Bb5+ Bd7 5. Bxd7+ Nxd7 6. exd5 exd5 7. O-O Ngf6 8. Re1+ Be7 9. Qe2 Kf8 10. Bb2 Bd6 11. Nc3 d4 12. Nb5 Qb6 13. a4 a6 14. Nxd6 Qxd6 15. Ba3 h6 16. Qc4 Kg8 17. Re2 b5 18. Qd3 b4 19. Bb2 Nd5 20. Rae1 g6 21. g3 Kh7 22. c3 bxc3 23. dxc3 Rhb8 24. cxd4 Nb4 25. Qe4 Nc6 26. dxc5 Nxc5 27. Qc2 Rxb3 28. Rd2 Qf8 29. Qxc5 Qxc5 0-1


[Site "https://www.chess.com"]

[Event "Titled Tuesday Blitz March 01 Early 2022"]
[White "Karabalis, Harilos"]
[Black "Kukhmazov, Arsen"]
[WhiteFideId "4621808"]
[BlackFideId "24108260"]
[WhiteElo "2168"]
[BlackElo "2487"]
[Result "0-1"]
[Round "06"]
[TimeControl "180+1"]
[Date "2022.03.01"]
[WhiteClock "0:00:16"]
[BlackClock "0:00:07"]

1. e4 c6 2. d4 d5 3. e5 Bf5 4. h4 Qb6 5. g4 Bd7 6. c3 e6 7. Bd3 h5 8. gxh5 c5 9. Ne2 Nc6 10. Be3 c4 11. Bc2 Qxb2 12. Nd2 Qa3 13. Nf1 b5 14. Nfg3 b4 15. cxb4 Bxb4+ 16. Kf1 Nh6 17. Nf4 O-O-O 18. Rb1 Kc7 19. Kg2 Rb8 20. Qf3 Be7 21. Rhc1 Rxb1 22. Rxb1 Qxa2 23. Qd1 Nb4 24. Rc1 a5 25. Bb1 Qa4 26. Qe2 Qb3 27. Bd2 a4 28. Bxb4 Qxb4 29. Ba2 Bb5 30. Qc2 a3 31. Rb1 Qa5 32. Nxe6+ fxe6 33. Qg6 Kd7 34. Qxg7 Rg8 35. Qxh6 Bc6 36. Qh7 Rf8 37. h6 Qc3 38. Rf1 Qxd4 39. Qg6 Qxe5 40. h7 d4+ 41. Kh2 Bxh4 42. Bxc4 Bxg3+ 43. fxg3 Rxf1 44. Bxf1 a2 45. Qf7+ Kd6 46. Qf8+ Kd5 47. h8=Q Qxh8+ 48. Qxh8 a1=Q 49. Bg2+ Kc4 50. Bxc6 Qb2+ 51. Bg2 Qe2 52. Qe5 Qxe5 0-1


[Site "https://www.chess.com"]

[Event "Titled Tuesday Blitz March 01 Early 2022"]
[White "Kejzar, Petra"]
[Black "Hoffmann, Asa"]
[WhiteFideId "14610213"]
[BlackFideId "2001470"]
[WhiteElo "2006"]
[BlackElo "2117"]
[Result "0-1"]
[Round "06"]
[TimeControl "180+1"]
[Date "2022.03.01"]
[WhiteClock "0:00:03"]
[BlackClock "0:00:54"]

1. e4 d6 2. d4 Nf6 3. Nc3 c6 4. Nf3 Bg4 5. Be3 e6 6. Qd2 Bxf3 7. gxf3 d5 8. e5 Nfd7 9. Ne2 g6 10. Ng3 h5 11. Bd3 c5 12. c3 Nc6 13. O-O-O cxd4 14. cxd4 Bb4 15. Qe2 Qa5 16. Kb1 O-O-O 17. Rc1 Kb8 18. Rhd1 Rc8 19. Bd2 Nb6 20. Bc3 Bxc3 21. bxc3 Na4 22. Qd2 a6 23. Ne2 Na7 24. Ka1 Rc6 25. c4 Qxd2 26. Rxd2 dxc4 27. Rxc4 Rhc8 28. Rdc2 b5 29. Rxc6 Rxc6 30. Nf4 Rxc2 31. Bxc2 Nb6 32. Be4 Kc7 33. Nh3 Kd8 34. Ng5 Ke7 35. Kb2 a5 36. a3 Nac8 37. Kc3 f6 38. exf6+ Kxf6 39. h4 Nd6 40. Bc6 Nd5+ 41. Bxd5 exd5 42. Nh7+ Ke7 43. Ng5 Nf5 44. Nh3 Nxh4 45. Nf4 Kd6 46. Kd3 b4 47. axb4 axb4 48. Kc2 Nxf3 49. Nxg6 Nxd4+ 50. Kb2 Nf5 51. f4 h4 52. Ne5 h3 53. Nf3 Kc5 54. Nh2 Kc4 55. Ng4 d4 56. Ne5+ Kd5 57. Ng4 Ke4 58. Nf2+ Kxf4 59. Nxh3+ Ke3 60. Ng5 d3 61. Ne6 d2 62. Nc5 d1=Q 0-1


[Site "https://www.chess.com"]

[Event "Titled Tuesday Blitz March 01 Early 2022"]
[White "Kett, Tim"]
[Black "Mikhailov, Viacheslav"]
[WhiteFideId "1801210"]
[BlackFideId "4187369"]
[WhiteElo "2098"]
[BlackElo "2381"]
[Result "0-1"]
[Round "06"]
[TimeControl "180+1"]
[Date "2022.03.01"]
[WhiteClock "0:01:44"]
[BlackClock "0:02:08"]

1. e4 d6 2. d4 Nf6 3. Nc3 g6 4. Be3 Bg7 5. Qd2 O-O 6. O-O-O c6 7. Kb1 b5 8. Bd3 a5 9. h4 h5 10. f4 Ng4 11. e5 d5 12. Nf3 b4 13. Ne2 a4 14. f5 b3 15. fxg6 fxg6 16. Bxg6 bxa2+ 17. Kxa2 Qa5 18. c3 Qb5 19. Bc2 Bf5 20. Ng3 Bxc2 21. Nxh5 Qb3+ 22. Ka1 a3 0-1


[Site "https://www.chess.com"]

[Event "Titled Tuesday Blitz March 01 Early 2022"]
[White "Kirillov, Dmitry"]
[Black "Vusatiuk, Vladimir"]
[WhiteFideId "34180572"]
[BlackFideId "14118610"]
[WhiteElo "2076"]
[BlackElo "2157"]
[Result "1-0"]
[Round "06"]
[TimeControl "180+1"]
[Date "2022.03.01"]
[WhiteClock "0:00:50"]
[BlackClock "0:00:05"]

1. e4 Nc6 2. d4 d5 3. e5 Bf5 4. Nf3 e6 5. c3 h6 6. Nbd2 Nge7 7. Be2 Qd7 8. O-O g5 9. Nb3 Ng6 10. a4 Be7 11. Ne1 Nf4 12. Bxf4 gxf4 13. Bd3 Bxd3 14. Nxd3 O-O-O 15. Nxf4 Rdg8 16. Nh5 Qe8 17. g3 Nb8 18. Qf3 Nd7 19. c4 Nb6 20. c5 Nc4 21. Qe2 Kb8 22. Nd2 Nxb2 23. Rfb1 Nc4 24. Nxc4 dxc4 25. Qxc4 Qc6 26. Rb5 a6 27. Rb3 Ka8 28. Rab1 Rg5 29. Nf4 Rd8 30. Rxb7 Qxb7 31. Rxb7 Kxb7 32. c6+ Ka7 33. Nd3 Rb8 34. Nc5 Rg4 35. Qxa6# 1-0


[Site "https://www.chess.com"]

[Event "Titled Tuesday Blitz March 01 Early 2022"]
[White "Kosakowski, Jakub"]
[Black "Coto Mederos, Michel"]
[WhiteFideId "1185080"]
[BlackFideId "3508528"]
[WhiteElo "2476"]
[BlackElo "2427"]
[Result "1/2-1/2"]
[Round "06"]
[TimeControl "180+1"]
[Date "2022.03.01"]
[WhiteClock "0:00:05"]
[BlackClock "0:00:05"]

1. e4 e5 2. Nf3 Nc6 3. Bc4 Bc5 4. O-O Nf6 5. d3 d6 6. c3 a6 7. Bb3 Ba7 8. Nbd2 h6 9. Re1 O-O 10. h3 Nh5 11. d4 Qf6 12. Nxe5 dxe5 13. Qxh5 exd4 14. Nf3 dxc3 15. bxc3 Qxc3 16. Bxh6 gxh6 17. e5 Qd3 18. Rad1 Qh7 19. e6 fxe6 20. Bxe6+ Kh8 21. Bxc8 Raxc8 22. Re6 Rf5 23. Qh4 h5 24. Kh1 Rg8 25. Rde1 Nd4 26. Nxd4 Rfg5 27. Re7 Qg6 28. R1e6 Qb1+ 29. Re1 Qg6 30. R7e6 Qh7 31. g3 Bb6 32. Nf3 Rf5 33. Rxb6 cxb6 34. Qd4+ Qg7 35. Ne5 Rf6 36. Qd1 Qh7 37. Qd4 Rgf8 38. Nd7 Qf7 39. Nxf6 Qxf6 40. Qd5 Qxf2 41. Qxh5+ Kg7 42. Re7+ Rf7 43. Qe5+ Kg8 44. Re8+ Rf8 45. Qe6+ Kg7 46. Re7+ Rf7 47. Rxf7+ Qxf7 48. Qxf7+ Kxf7 49. Kg2 b5 50. Kf3 Ke6 51. Ke4 b4 52. Kd4 a5 53. Kc4 b6 54. Kb5 Ke5 55. h4 Kf5 56. h5 Kg5 57. g4 Kh6 58. Ka4 Kg5 59. Kb5 Kh6 60. Kc4 Kg5 61. Kd4 Kh6 62. Kd5 Kg5 63. Kd4 Kh6 64. Kc4 Kg5 65. Kd3 Kh6 66. Kd4 Kg5 67. Kd5 Kh6 68. Kc4 1/2-1/2


[Site "https://www.chess.com"]

[Event "Titled Tuesday Blitz March 01 Early 2022"]
[White "Kouskoutis, Georgios-Alexandros"]
[Black "Dronavalli, Harika"]
[WhiteFideId "4234049"]
[BlackFideId "5015197"]
[WhiteElo "2130"]
[BlackElo "2382"]
[Result "0-1"]
[Round "06"]
[TimeControl "180+1"]
[Date "2022.03.01"]
[WhiteClock "0:00:03"]
[BlackClock "0:00:19"]

1. c4 Nf6 2. g3 g6 3. Bg2 Bg7 4. Nc3 O-O 5. e4 d6 6. Nge2 c5 7. O-O Nc6 8. Rb1 Ne8 9. d3 Nc7 10. h3 Ne6 11. Be3 Ned4 12. f4 Rb8 13. a4 a6 14. Kh2 Bd7 15. Bf2 b5 16. axb5 axb5 17. b3 Nxe2 18. Nxe2 Qa5 19. Be1 Qc7 20. Nc3 Nd4 21. Bf2 e6 22. Ne2 Nxe2 23. Qxe2 Ra8 24. e5 Ra3 25. exd6 Qxd6 26. Rfd1 Bc6 27. Bxc6 Qxc6 28. Qe4 Qd6 29. Kg1 Ra2 30. cxb5 Rfa8 31. b4 cxb4 32. b6 Bc3 33. b7 Rb8 34. d4 Qc7 35. d5 Qxb7 36. Qc4 Qa6 37. Qxa6 Rxa6 38. d6 Rd8 39. d7 Rc6 40. g4 Rc7 41. Bb6 Rdxd7 42. Bxc7 Rxc7 43. Rdc1 Kg7 44. Kf2 Rc4 45. Kf3 Rd4 46. Rb3 Rd3+ 47. Kg2 h5 48. gxh5 gxh5 49. f5 exf5 50. Rf1 Kg6 51. Rbb1 h4 52. Rf3 Rd2+ 53. Rf2 Rd4 54. Rf3 Rd2+ 55. Rf2 Rd5 56. Rf3 Kg5 57. Rb3 f4 58. Rfxc3 bxc3 59. Rxc3 Rd2+ 60. Kf3 Rh2 61. Ke4 f5+ 62. Ke5 Re2+ 63. Kd4 Re4+ 64. Kd5 Re3 65. Rc8 Rxh3 66. Rg8+ Kh5 67. Ke5 Rg3 68. Rh8+ Kg4 69. Rg8+ Kf3 70. Rh8 h3 71. Kxf5 Kg2 72. Kxf4 h2 73. Rh4 Rf3+ 74. Kg4 Rg3+ 75. Kf4 Rh3 76. Rg4+ Kf2 0-1


[Site "https://www.chess.com"]

[Event "Titled Tuesday Blitz March 01 Early 2022"]
[White "Kretov, Evgenij"]
[Black "Reprintsev, Alexander"]
[WhiteFideId "4167821"]
[BlackFideId "14100541"]
[WhiteElo "2303"]
[BlackElo "2126"]
[Result "1-0"]
[Round "06"]
[TimeControl "180+1"]
[Date "2022.03.01"]
[WhiteClock "0:00:10"]
[BlackClock "0:00:02"]

1. d4 d5 2. c4 e5 3. dxe5 d4 4. Nf3 Nc6 5. g3 Nge7 6. Nbd2 Ng6 7. Nb3 Ngxe5 8. Nxe5 Nxe5 9. Nxd4 Bb4+ 10. Bd2 Qxd4 11. Bxb4 Qe4 12. Qd5 Bf5 13. Bg2 Nd3+ 14. Qxd3 Qxg2 15. Qe3+ Be6 16. O-O-O Qc6 17. b3 a5 18. Bc3 a4 19. Kb2 axb3 20. axb3 O-O 21. Ra1 b5 22. Qe5 f6 23. Qxb5 Qe4 24. e3 Rab8 25. Qc5 Bxc4 26. b4 Bf7 27. Rhd1 Qe6 28. Ra3 Ra8 29. Rda1 Rad8 30. Bd4 Qh3 31. Qxc7 Qxh2 32. Qf4 Qh5 33. g4 Qd5 34. Rc1 Rb8 35. Bc5 Rfd8 36. Rc2 Qd1 37. e4 Ra8 38. Qe3 Qxg4 39. Rc1 Qe6 40. Rca1 Rab8 41. f4 Qc4 42. Rc1 Rxb4+ 43. Bxb4 Qxb4+ 44. Ka1 Rb8 45. Qc3 Qb7 46. e5 fxe5 47. fxe5 h5 48. Rg1 Be6 49. Qd4 Bg4 50. Rc1 Qf7 51. Qc4 Be6 52. Qd4 Re8 53. Ra7 Qg6 54. Rg1 Bg4 55. Rc1 Kh7 56. Rcc7 Rg8 57. e6 h4 58. e7 Bh5 59. Qe5 Qg1+ 60. Kb2 Qb6+ 61. Kc3 Be8 62. Qf5+ Kh8 63. Qf4 Qf6+ 64. Qxf6 gxf6 65. Rc4 Rg3+ 66. Kb4 h3 67. Rc8 Rg8 68. Rc3 Kg7 69. Rxh3 Kf7 70. Rh7+ Ke6 71. Rh3 Kf7 72. Re3 Rg5 73. Kc4 Rg1 74. Kd5 Rd1+ 75. Ke4 Bc6+ 76. Kf4 Rd4+ 77. Kg3 Be8 78. Re1 Rd5 79. Re2 Rg5+ 80. Kf4 Rc5 81. Rh2 Rb5 82. Rh7+ Ke6 83. Rh8 Rb4+ 84. Ke3 1-0


[Site "https://www.chess.com"]

[Event "Titled Tuesday Blitz March 01 Early 2022"]
[White "Krishnan, Varun"]
[Black "Aydin, Gulenay"]
[WhiteFideId "5054508"]
[BlackFideId "34557431"]
[WhiteElo "2585"]
[BlackElo "1429"]
[Result "1-0"]
[Round "06"]
[TimeControl "180+1"]
[Date "2022.03.01"]
[WhiteClock "0:00:05"]
[BlackClock "0:00:04"]

1. e4 c5 2. Nf3 d6 3. d4 cxd4 4. Nxd4 Nf6 5. Nc3 g6 6. Be3 Bg7 7. f3 a6 8. Qd2 h5 9. O-O-O b5 10. h3 Bb7 11. Rg1 Nbd7 12. g4 Ne5 13. g5 Nfd7 14. f4 Nc6 15. f5 Nxd4 16. Bxd4 Ne5 17. Qf2 O-O 18. Nd5 Bxd5 19. exd5 Rc8 20. Bd3 Nxd3+ 21. Rxd3 Bxd4 22. Qxd4 Qc7 23. Rc3 Qa5 24. Rxc8 Rxc8 25. fxg6 fxg6 26. Qe4 Qxa2 27. Qxg6+ Kh8 28. Qh6+ Kg8 29. Qg6+ Kh8 30. Qxh5+ Kg8 31. Qg6+ Kh8 32. Rg4 Rc4 33. Qe8+ Kg7 34. Qxe7+ Kg8 35. Qe6+ Kg7 36. Qf6+ Kg8 37. Qg6+ Kf8 38. Qf5+ Kg8 39. Qe6+ Kg7 40. Qxd6 Qa1+ 41. Kd2 Rxg4 42. hxg4 Qg1 43. Qf6+ Kg8 44. d6 Qg2+ 45. Kd3 Qd5+ 46. Ke3 Qc5+ 47. Kf4 Qf2+ 48. Ke5 Qe3+ 49. Kf5 Qf3+ 50. Ke6 Qe4+ 51. Kd7 Qb7+ 52. Ke6 Qe4+ 53. Qe5 Qxg4+ 54. Ke7 Qb4 55. Ke8 Qc4 56. c3 Qc8+ 57. Ke7 Qb7+ 58. d7 Qc6 59. Qe6+ Kh7 60. Qxc6 Kg7 61. d8=Q a5 62. Qdd7 b4 63. Kd6+ Kf8 64. Kc5 a4 65. Qcc8# 1-0


[Site "https://www.chess.com"]

[Event "Titled Tuesday Blitz March 01 Early 2022"]
[White "Krylov, Ivan"]
[Black "Yushko, Olga"]
[WhiteFideId "24128066"]
[BlackFideId "14114500"]
[WhiteElo "2258"]
[BlackElo "2028"]
[Result "1-0"]
[Round "06"]
[TimeControl "180+1"]
[Date "2022.03.01"]
[WhiteClock "0:00:35"]
[BlackClock "0:00:47"]

1. e4 d6 2. d4 e5 3. dxe5 dxe5 4. Qxd8+ Kxd8 5. Nc3 Bc5 6. Bc4 f6 7. Nf3 c6 8. Bd2 Nh6 9. Bxh6 gxh6 10. O-O-O+ Ke7 11. Rhf1 b5 12. Nd5+ cxd5 13. Bxd5 Nc6 14. Bxc6 Rb8 15. Rd5 Bb6 16. Rxb5 Be6 17. b3 a6 18. Rd5 Bxd5 19. exd5 Rhg8 20. g3 f5 21. Nxe5 Bd4 22. f4 h5 23. Re1 Kd6 24. Nc4+ Kc5 25. Kd2 h4 26. gxh4 Rg2+ 27. Re2 Rxe2+ 28. Kxe2 Rg8 29. Kd3 Bg1 30. c3 a5 31. a3 Rb8 32. b4+ axb4 33. axb4+ Rxb4 34. cxb4+ Kxb4 35. d6 Bxh2 36. d7 Bxf4 37. d8=Q Bg3 38. Qb6# 1-0


[Site "https://www.chess.com"]

[Event "Titled Tuesday Blitz March 01 Early 2022"]
[White "Krysa, Leandro"]
[Black "Demchenko, Anton"]
[WhiteFideId "116807"]
[BlackFideId "4160258"]
[WhiteElo "2490"]
[BlackElo "2539"]
[Result "0-1"]
[Round "06"]
[TimeControl "180+1"]
[Date "2022.03.01"]
[WhiteClock "0:00:06"]
[BlackClock "0:00:16"]

1. e4 e5 2. Nf3 Nc6 3. Nc3 Nf6 4. a4 g6 5. d4 exd4 6. Nxd4 Bg7 7. Nf3 O-O 8. Bc4 d6 9. O-O Bg4 10. h3 Bxf3 11. Qxf3 Ne5 12. Qe2 Re8 13. Ba2 c6 14. Rb1 Qc7 15. Bf4 Re7 16. Qd2 Rae8 17. Rbd1 Rd7 18. Rfe1 a6 19. Bh6 b5 20. Bxg7 Kxg7 21. f4 Nc4 22. Bxc4 bxc4 23. Qd4 Rde7 24. Qxd6 Qb6+ 25. Qd4 Qxb2 26. e5 Nh5 27. g4 Nxf4 28. Qxf4 Qxc3 29. Qd4 Qxh3 30. Re3 Qh4 31. Rf1 Kg8 32. Qxc4 Qg5 33. Ref3 Rf8 34. e6 f5 35. Qxc6 Qxg4+ 36. Kh2 Qh4+ 37. Kg2 Qg5+ 0-1


[Site "https://www.chess.com"]

[Event "Titled Tuesday Blitz March 01 Early 2022"]
[White "Kucuksari, Kaan"]
[Black "Budrewicz, Krzysztof"]
[WhiteFideId "6380166"]
[BlackFideId "1127950"]
[WhiteElo "2305"]
[BlackElo "2248"]
[Result "1-0"]
[Round "06"]
[TimeControl "180+1"]
[Date "2022.03.01"]
[WhiteClock "0:00:03"]
[BlackClock "0:00:02"]

1. d4 Nf6 2. c4 g6 3. g3 Bg7 4. Bg2 O-O 5. Nc3 d6 6. Nf3 Nc6 7. O-O e5 8. dxe5 Nxe5 9. Bg5 h6 10. Bxf6 Bxf6 11. Nxe5 Bxe5 12. Qd2 Kh7 13. f4 Bg7 14. f5 Be5 15. Be4 c6 16. fxg6+ fxg6 17. Rxf8 Qxf8 18. Rf1 Qg7 19. h4 Kg8 20. Qd3 g5 21. Bg6 Be6 22. h5 Rf8 23. Rf3 Rxf3 24. exf3 Bxg3 25. Ne4 Qe5 26. Kg2 Bf4 27. Nf2 Kg7 28. b4 Kf8 29. c5 d5 30. b5 Ke7 31. bxc6 bxc6 32. Qa6 Qc7 33. Qa3 a5 34. Qb2 Be5 35. Qc2 d4 36. Bf5 Bd5 37. Ng4 Bf6 38. Qe2+ Kf7 39. Nxh6+ Kg7 40. Ng4 Qf4 41. h6+ Kf7 42. Be4 Bxe4 43. Qxe4 Qxe4 44. fxe4 Bh8 45. Kf3 Kg6 46. e5 Kf5 47. Ke2 Kg6 48. e6 1-0


[Site "https://www.chess.com"]

[Event "Titled Tuesday Blitz March 01 Early 2022"]
[White "Kukula, Pawel"]
[Black "Escudero Donoso, Felipe"]
[WhiteFideId "1115081"]
[BlackFideId "3410595"]
[WhiteElo "2203"]
[BlackElo "2184"]
[Result "1-0"]
[Round "06"]
[TimeControl "180+1"]
[Date "2022.03.01"]
[WhiteClock "0:00:35"]
[BlackClock "0:00:02"]

1. d4 Nf6 2. c4 e6 3. Nc3 d5 4. cxd5 exd5 5. Bg5 c6 6. Qc2 Bd6 7. e3 O-O 8. Bd3 h6 9. Bh4 Re8 10. Nge2 a5 11. O-O Bxh2+ 12. Kxh2 Ng4+ 13. Kg3 g5 14. Bf5 gxh4+ 15. Kh3 Qg5 16. Bxc8 Rxc8 17. e4 Nd7 18. Qc1 Qg7 19. Qf4 Ngf6 20. e5 Nh7 21. Qxh4 Ndf8 22. f4 Ng6 23. Qg4 Ne7 24. Qxg7+ Kxg7 25. g4 c5 26. Rad1 c4 27. Kg3 a4 28. f5 f6 29. Nf4 Ng5 30. exf6+ Kxf6 31. Nfxd5+ Nxd5 32. Nxd5+ Kf7 33. Rfe1 Re8 34. Nb6 Rxe1 35. Rxe1 Rd8 36. d5 Rd6 37. Nxc4 Rxd5 38. Re3 Rd1 39. b3 b5 40. Ne5+ Kf6 41. bxa4 bxa4 42. Nf3 Nxf3 43. Kxf3 Rb1 44. Re4 a3 45. Re3 Rf1+ 46. Kg2 Rf4 47. Kg3 Ra4 48. Rb3 Ra5 49. Rb6+ Kg5 50. Rg6# 1-0


[Site "https://www.chess.com"]

[Event "Titled Tuesday Blitz March 01 Early 2022"]
[White "Kushko, Dmitriy"]
[Black "Shafigullina, Zarina"]
[WhiteFideId "14162261"]
[BlackFideId "24174220"]
[WhiteElo "2225"]
[BlackElo "2062"]
[Result "1-0"]
[Round "06"]
[TimeControl "180+1"]
[Date "2022.03.01"]
[WhiteClock "0:01:17"]
[BlackClock "0:01:08"]

1. Nf3 Nf6 2. g3 b6 3. Bg2 Bb7 4. O-O c5 5. c4 e6 6. Nc3 Be7 7. Re1 d5 8. cxd5 Nxd5 9. Nxd5 Bxd5 10. e4 Bb7 11. d4 cxd4 12. Nxd4 O-O 13. Be3 Nd7 14. Qe2 Rc8 15. Rad1 Qe8 16. Nb5 Ba6 17. Bf1 Ne5 18. Kg2 Nc4 19. Nc3 Nxe3+ 20. Qxe3 Bc5 21. Qf3 Bb7 22. Bb5 Bc6 23. Bxc6 Qxc6 24. e5 Qxf3+ 25. Kxf3 Rfd8 26. Rxd8+ Rxd8 27. Rd1 Rxd1 28. Nxd1 Bd4 29. Ke4 Bc5 30. f4 Kf8 31. b3 Ke7 32. Nb2 Kd7 33. Nd3 Bg1 34. h3 Kc6 35. g4 a5 36. a3 Bh2 37. f5 h6 38. h4 Bg3 39. h5 Bh2 40. f6 gxf6 41. exf6 Bd6 42. Ne5+ Kc7 43. Nxf7 Bxa3 44. Nxh6 b5 45. g5 a4 46. bxa4 bxa4 47. g6 Bf8 48. g7 Bxg7 49. fxg7 a3 50. g8=Q a2 51. Qg7+ 1-0


[Site "https://www.chess.com"]

[Event "Titled Tuesday Blitz March 01 Early 2022"]
[White "Lakshmi C"]
[Black "Mohammadian, Mohammad"]
[WhiteFideId "25035347"]
[BlackFideId "12566055"]
[WhiteElo "1775"]
[BlackElo "1543"]
[Result "1-0"]
[Round "06"]
[TimeControl "180+1"]
[Date "2022.03.01"]
[WhiteClock "0:01:46"]
[BlackClock "0:00:18"]

1. e4 e5 2. Nf3 Nc6 3. Bb5 a6 4. Ba4 Nf6 5. O-O Be7 6. Re1 b5 7. Bb3 d6 8. c3 Na5 9. Bc2 c5 10. d4 Qc7 11. h3 O-O 12. d5 Bd7 13. Nbd2 h6 14. Nf1 Nc4 15. Ng3 a5 16. a4 b4 17. b3 Nb6 18. c4 Nh7 19. Nh2 Qd8 20. f4 exf4 21. Bxf4 Ng5 22. Ng4 Qc8 23. Nf5 Bxf5 24. exf5 Bf6 25. Nxf6+ gxf6 26. h4 Nh7 27. Bxd6 Re8 28. Qh5 Kg7 29. Bf4 Rxe1+ 30. Rxe1 Ng5 31. hxg5 fxg5 32. f6+ Kf8 33. Qxh6+ Kg8 34. Qg7# 1-0


[Site "https://www.chess.com"]

[Event "Titled Tuesday Blitz March 01 Early 2022"]
[White "Lauridsen, Jesper Morch"]
[Black "Odegov, Artem"]
[WhiteFideId "1401890"]
[BlackFideId "34183644"]
[WhiteElo "2187"]
[BlackElo "2277"]
[Result "1/2-1/2"]
[Round "06"]
[TimeControl "180+1"]
[Date "2022.03.01"]
[WhiteClock "0:00:06"]
[BlackClock "0:00:39"]

1. e4 e6 2. d4 d6 3. Nf3 b6 4. Bd3 Bb7 5. Kf1 Nf6 6. h3 Nxe4 7. Nc3 Nxc3 8. bxc3 g6 9. Bg5 Be7 10. Bh6 Nd7 11. a4 Nf6 12. a5 Nd5 13. Qd2 Qd7 14. a6 Bc6 15. c4 Nf6 16. Bg7 Rg8 17. Bxf6 Bxf6 18. d5 exd5 19. cxd5 Bxd5 20. Re1+ Be6 21. Be4 O-O-O 22. Nd4 d5 23. Bf3 Rge8 24. g4 c5 25. Nxe6 fxe6 26. c4 Kb8 27. cxd5 exd5 28. Rxe8 Rxe8 29. Qxd5 Qxd5 30. Bxd5 Bd4 31. Kg2 Re2 32. Rf1 Kc7 33. Bf3 Rd2 34. h4 c4 35. h5 c3 36. hxg6 hxg6 37. Be4 c2 38. Bxg6 Kd6 39. Rc1 Rxf2+ 40. Kg3 Rd2 41. Rxc2 Rxc2 42. Bxc2 Kc5 43. g5 b5 44. g6 Kb6 45. Kf4 Kxa6 46. Ke4 Bb2 47. Kd5 Ka5 48. Bd3 Kb6 49. Bf5 a5 50. Ke4 Kc5 51. Kd3 Bg7 52. Kc2 a4 53. Be6 b4 54. Bf7 Kd4 55. Be6 Ke4 56. Bf7 Kf5 57. Be8 Kf6 58. Bxa4 Kxg6 59. Kb3 Bc3 60. Bb5 Kf5 61. Bc4 Kf4 62. Bb5 Ke4 63. Bd7 Ke3 64. Be8 Ke4 65. Bb5 Ke5 66. Be8 Kd6 67. Ba4 Kc5 68. Be8 Kb6 69. Ba4 Ka7 70. Be8 Kb8 71. Ba4 Kc7 72. Bb5 Kd8 73. Ba4 Ke7 74. Bb5 Kd6 75. Ba4 Be1 76. Bb5 Kc5 77. Ba4 Bd2 78. Be8 Be3 79. Ba4 Bf4 80. Be8 Bd6 81. Ba4 Bf8 82. Be8 Bg7 83. Ba4 Kd6 84. Be8 Ke7 85. Ba4 Bc3 86. Bb5 Kd8 87. Ba4 Kc7 88. Bb5 Kb6 89. Ba4 Bb2 90. Be8 Ba3 91. Ba4 Kc5 92. Be8 Kd4 93. Ba4 Kd5 94. Be8 Bb2 95. Kxb4 1/2-1/2


[Site "https://www.chess.com"]

[Event "Titled Tuesday Blitz March 01 Early 2022"]
[White "Lou, Yiping"]
[Black "Maltsevskaya, Aleksandra"]
[WhiteFideId "8603928"]
[BlackFideId "24174041"]
[WhiteElo "2412"]
[BlackElo "2283"]
[Result "1-0"]
[Round "06"]
[TimeControl "180+1"]
[Date "2022.03.01"]
[WhiteClock "0:01:21"]
[BlackClock "0:00:02"]

1. d4 Nf6 2. Bf4 g6 3. Nf3 d6 4. e3 Bg7 5. h3 O-O 6. Be2 b6 7. O-O Bb7 8. c4 Nbd7 9. a4 a6 10. a5 bxa5 11. Nbd2 c5 12. d5 Rb8 13. Bh2 Ba8 14. Qc2 Ne8 15. Rfb1 Rb4 16. Ne1 Ne5 17. Bxe5 Bxe5 18. Nd3 Rb8 19. Nxe5 dxe5 20. Qc3 f6 21. Rxa5 Nd6 22. Rxc5 Qb6 23. b4 Qa7 24. Ra5 Qb6 25. c5 Qc7 26. Qb3 Nb5 27. d6+ 1-0


[Site "https://www.chess.com"]

[Event "Titled Tuesday Blitz March 01 Early 2022"]
[White "Martinez Alcantara, Jose Eduardo"]
[Black "Kozak, Antoni"]
[WhiteFideId "3805662"]
[BlackFideId "21832030"]
[WhiteElo "2931"]
[BlackElo "2785"]
[Result "1-0"]
[Round "06"]
[TimeControl "180+1"]
[Date "2022.03.01"]
[WhiteClock "0:00:36"]
[BlackClock "0:00:01"]

1. e4 c6 2. d4 d5 3. e5 Bf5 4. h4 h5 5. Bd3 Bxd3 6. Qxd3 Qa5+ 7. b4 Qb5 8. e6 Qxd3 9. cxd3 f6 10. Nc3 Na6 11. b5 Nc7 12. bxc6 bxc6 13. Nf3 Nxe6 14. Rb1 Nd8 15. O-O e6 16. Ne2 Bd6 17. Bf4 Kd7 18. Rfc1 Ne7 19. g3 Nc8 20. Nd2 Nb6 21. Nb3 Nb7 22. Nc5+ Nxc5 23. dxc5 Bxf4 24. Nxf4 e5 25. Ne2 Nc8 26. Rb7+ Ke6 27. Re1 Kf5 28. Rxg7 Rb8 29. Rc7 Rb2 30. Rxc6 Ne7 31. Rc7 Ng6 32. Nc3 Rd8 33. Rxa7 Rc2 34. Nb5 Rxc5 35. a4 Nf8 36. d4 Rc6 37. dxe5 fxe5 38. Rf7+ Rf6 39. Rg7 Ne6 40. Rh7 Kg6 41. Re7 Kf5 42. Nc3 e4 43. Kg2 Nd4 44. Rd1 Nc6 45. Rg7 Rg6 46. Rxg6 Kxg6 47. Rxd5 Ra8 48. Rd6+ Kf5 49. Rxc6 1-0


[Site "https://www.chess.com"]

[Event "Titled Tuesday Blitz March 01 Early 2022"]
[White "Martinez, Shawn"]
[Black "Rudzinska, Michalina"]
[WhiteFideId "2039770"]
[BlackFideId "1172883"]
[WhiteElo "2174"]
[BlackElo "1904"]
[Result "1-0"]
[Round "06"]
[TimeControl "180+1"]
[Date "2022.03.01"]
[WhiteClock "0:02:06"]
[BlackClock "0:00:50"]

1. e4 c5 2. Nc3 Nc6 3. Bb5 Nd4 4. Nf3 Nxb5 5. Nxb5 a6 6. Nc3 e6 7. d4 cxd4 8. Qxd4 d6 9. Bg5 Nf6 10. O-O-O Bd7 11. e5 dxe5 12. Nxe5 Bc6 13. Qxd8+ Rxd8 14. Rxd8+ Kxd8 15. Nxf7+ Ke7 16. Nxh8 g6 17. Re1 Bg7 18. Nxg6+ hxg6 19. Ne4 Bxe4 20. Rxe4 Kd6 21. Bxf6 Bxf6 22. Rg4 g5 23. g3 Ke5 24. h4 gxh4 25. gxh4 Kf5 26. f3 b5 27. c3 a5 28. a4 bxa4 29. Rxa4 Bd8 30. Kd2 e5 31. Kd3 Bb6 32. Rg4 Bf2 33. h5 1-0


[Site "https://www.chess.com"]

[Event "Titled Tuesday Blitz March 01 Early 2022"]
[White "Marzaduri, Riccardo"]
[Black "Tasev, Dejan"]
[WhiteFideId "886084"]
[BlackFideId "936618"]
[WhiteElo "2200"]
[BlackElo "2253"]
[Result "0-1"]
[Round "06"]
[TimeControl "180+1"]
[Date "2022.03.01"]
[WhiteClock "0:00:05"]
[BlackClock "0:00:20"]

1. b3 Nf6 2. Bb2 g6 3. e3 Bg7 4. Nf3 O-O 5. Be2 b6 6. O-O Bb7 7. d4 e6 8. c4 d6 9. Nc3 Nbd7 10. Qc2 a6 11. Rad1 h6 12. Rfe1 Qe7 13. e4 Nh7 14. Bd3 Rae8 15. b4 e5 16. Nd5 Qd8 17. dxe5 Nxe5 18. Nxe5 dxe5 19. c5 b5 20. c6 Bc8 21. a4 Ng5 22. axb5 axb5 23. Bxb5 Ne6 24. Bc4 Nd4 25. Qd2 Kh7 26. f4 Nxc6 27. b5 Nd4 28. fxe5 Ne6 29. Ba3 Bxe5 30. Bxf8 Rxf8 31. g3 Kg7 32. Rf1 Qd6 33. Kh1 Ng5 34. Nf4 Nxe4 35. Qxd6 Nxd6 36. Bd5 Nxb5 37. Nd3 Bd6 38. Bg2 Nc3 39. Rde1 Bf5 40. Nf2 h5 41. Ne4 Nxe4 42. Bxe4 Be6 43. Bg2 Rb8 44. Rd1 Rb2 45. Bd5 Bxd5+ 46. Rxd5 h4 47. Rd3 hxg3 48. hxg3 Rb4 49. Rdf3 f5 50. Re1 Kf6 51. Re2 Rb1+ 52. Kg2 Rb4 53. Rd3 Rg4 54. Rf2 Kg5 55. Kh3 Re4 56. Rdf3 Re6 57. Rd3 Re7 58. Kg2 Rh7 59. Rdf3 Kg4 60. Rd3 Kg5 61. Rdf3 Rh8 62. Rd3 Re8 63. Rd5 Re4 64. Rd3 Rg4 65. Rdf3 f4 0-1


[Site "https://www.chess.com"]